 Dungeon Crawl Stone Soup version 0.22.1-1-ga44c0e5 (webtiles) character file.

2908 YellowHerb the Cleaver (level 9, -4/121 HPs)
             Began as a Grey Draconian Berserker on Oct 1, 2018.
             Was an Elder of Trog.
             Slain by a polar bear (6 damage)
             ... on level 8 of the Dungeon.
             The game lasted 00:25:33 (6250 turns).

YellowHerb the Cleaver (Grey Draconian Berserker)   Turns: 6250, Time: 00:25:33

Health: -4/121     AC: 15    Str: 28    XL:     9   Next: 49%
Magic:  9/9        EV: 15    Int:  7    God:    Trog [****..]
Gold:   336        SH:  0    Dex: 11    Spells: 8/8 levels left

rFire    . . .     SeeInvis .   j - +0 hand axe (elec)
rCold    . . .     Gourm    .   (no shield)
rNeg     . . .     Faith    .   (armour unavailable)
rPois    .         Spirit   .   (helmet restricted)
rElec    .         Reflect  .   a - +2 cloak
rCorr    +         Harm     .   (no gloves)
MR       ++...                  (no boots)
Stlth    ..........             (no amulet)
HPRegen  1.30/turn              f - ring of resist corrosion
MPRegen  0.11/turn              g - ring of flight

@: berserking, regenerating, very quick
A: walk through water, unfitting armour, unbreathing, cold-blooded, AC +12
a: Berserk, Trog's Hand, Brothers in Arms, Renounce Religion, Evoke Flight


You were on level 8 of the Dungeon.
You worshipped Trog.
Trog was greatly pleased with you.
You were very hungry.

You visited 2 branches of the dungeon, and saw 9 of its levels.

You collected 431 gold pieces.
You spent 95 gold pieces at shops.

Inventory:

Hand Weapons
 j - a +0 hand axe of electrocution (weapon)
Armour
 a - a +2 cloak (worn)
Jewellery
 f - a ring of resist corrosion (left hand)
 g - a ring of flight (right hand)
 n - a cursed ring of attention {unknown}
Wands
 k - a wand of paralysis (11)
Scrolls
 e - 6 scrolls of remove curse
 m - a scroll of teleportation
 o - 3 scrolls of identify
 q - a scroll of magic mapping
Potions
 c - 3 potions of curing
 d - a potion of flight {unknown}
 h - a potion of lignification
 i - a potion of mutation {unknown}
 l - a potion of heal wounds {unknown}
 p - a potion of magic {unknown}
 s - a potion of cancellation {unknown}
 u - a potion of resistance {unknown}
Comestibles
 b - 10 rations
 r - a chunk of flesh


   Skills:
 + Level 7.8 Fighting
 + Level 10.0 Axes
 + Level 6.5 Dodging


You had 8 spell levels left.
You didn't know any spells.
Your spell library was empty.

Dungeon Overview and Level Annotations

Branches:
Dungeon (8/15)             Temple (1/1) D:4
   Lair: D:8-11

Altars:
Ashenzari
Cheibriados
Dithmenos
Elyvilon
Fedhas
Gozag
Hepliaklqana
Kikubaaqudgha
Makhleb
Nemelex Xobeh
Okawaru
Qazlal
Ru
Sif Muna
Trog
Uskayaw
Vehumet
Wu Jian
Xom
Yredelemnul
Zin
The Shining One

Shops:
D:4 (   D:8 (


Innate Abilities, Weirdness & Mutations

You can walk through water.
Your dull iron-grey scales are very hard. (AC +12)
You cannot fit into any form of body armour.
You can survive without breathing.
You are cold-blooded and may be slowed by cold attacks.


Message History

The polar bear misses you.
A red film seems to cover your vision as you go berserk!
You feel yourself moving faster!
You feel mighty!
You are feeling very hungry.
The polar bear bites you!
* * * LOW HITPOINT WARNING * * *
The polar bear barely misses you. The polar bear misses you.
The adder closely misses you. The polar bear bites you!
* * * LOW HITPOINT WARNING * * *
The polar bear claws you but does no damage.
The polar bear barely misses you.
You completely miss the polar bear.
The polar bear is severely wounded.
You hit the adder. Lightning courses through the adder!
You kill the adder!
Trog accepts your kill. Something appears at your feet!
Trog grants you ammunition! The polar bear bites you.
You die...

#...h.....# #...#
##########..##
...[....##.##
........##.#
##......##.## #######
.........'..## #.....
........h#...# #...# #
........@######## #...###
########).......###......
######).............###
#......................
#...##...............#.#
... ##..#.#####...8......
. #§..#.#####..........
##.§#.............#..
.##.[#...#..........


You could see a polar bear (berserk).

Vanquished Creatures
  A slime creature (D:7)
  A hungry ghost (D:7)
  Edmund (D:6)
  A water moccasin (D:7)
  Purgy (D:3)
  2 orc warriors
  An ice beast (D:8)
  2 sky beasts
  2 ogres
  A wolf (D:8)
  2 centaurs
  2 big kobolds (D:7)
  A scorpion (D:4)
  4 killer bees (D:7)
  4 howler monkeys
  A crimson imp (D:7)
  A gnoll shaman (D:6)
  2 jellies (D:7)
  3 hounds
  A bullfrog zombie (D:6)
  2 orc priests
  A bullfrog skeleton (D:5)
  4 orc wizards
  Jessica (D:3)
  An iguana (D:5)
  3 worker ants (D:7)
  A hound zombie (D:5)
  A worker ant zombie (D:5)
  6 gnolls
  8 adders
  3 shadow imps
  2 white imps (D:8)
  An ufetubus (D:8)
  7 oozes (D:7)
  An adder zombie (D:5)
  3 worms
  4 dart slugs
  5 leopard geckos
  6 orcs
  4 bats
  A giant cockroach (D:4)
  7 hobgoblins
  13 jackals
  2 quokkas
  2 ball pythons
  A frilled lizard (D:3)
  7 goblins
  15 kobolds
  A leopard gecko simulacrum (D:8)
  8 rats
  6 fungi (D:7)
  A plant (D:4)
162 creatures vanquished.

Vanquished Creatures (others)
  9 toadstools (D:7)
9 creatures vanquished.

Grand Total: 171 creatures vanquished

Notes
Turn   | Place    | Note
-------+----------+-------------------------------------------
     0 | D:1      | YellowHerb the Draconian Berserker began the quest for the
                  | Orb.
     0 | D:1      | Reached XP level 1. HP: 19/19 MP: 1/1
   214 | D:1      | Reached XP level 2. HP: 13/26 MP: 2/2
   854 | D:2      | Reached XP level 3. HP: 20/33 MP: 3/3
  1177 | D:2      | Found a snail-covered altar of Cheibriados.
  1253 | D:2      | Reached ** piety under Trog
  1742 | D:2      | Reached XP level 4. HP: 30/40 MP: 4/4
  1751 | D:2      | Reached skill level 4 in Axes
  2791 | D:3      | Noticed Purgy
  2809 | D:3      | Killed Purgy
  2809 | D:3      | Reached XP level 5. HP: 31/47 MP: 5/5
  3014 | D:3      | Noticed a sky beast
  3023 | D:3      | Killed a sky beast
  3023 | D:3      | Reached skill level 5 in Axes
  3023 | D:3      | Reached XP level 6. HP: 53/53 MP: 4/6
  3082 | D:3      | Noticed Jessica
  3090 | D:3      | Killed Jessica
  3445 | D:4      | Found a staircase to the Ecumenical Temple.
  3510 | D:4      | Reached skill level 5 in Fighting
  3510 | D:4      | Reached skill level 6 in Axes
  3541 | D:4      | Found Nadghucs's Weapon Shoppe.
  3545 | D:4      | Bought a +0 hand axe of electrocution for 95 gold pieces
  3946 | Temple   | Entered the Ecumenical Temple
  4259 | D:5      | Entered Level 5 of the Dungeon
  4266 | D:5      | Your scales start taking on a dull iron-grey colour.
  4266 | D:5      | Reached XP level 7. HP: 58/61 MP: 7/7
  4266 | D:5      | Gained mutation: You can survive without breathing. [Grey
                  | Draconian growth]
  4313 | D:5      | Reached *** piety under Trog
  4717 | D:5      | Reached skill level 7 in Axes
  4842 | D:5      | Found a bloodstained altar of Trog.
  4962 | D:6      | Found a sparkling altar of Nemelex Xobeh.
  4999 | D:6      | Noticed Edmund
  5015 | D:6      | Killed Edmund
  5015 | D:6      | Reached XP level 8. HP: 69/70 MP: 8/8
  5166 | D:6      | Found a glowing golden altar of the Shining One.
  5315 | D:7      | Reached skill level 8 in Axes
  5315 | D:7      | Reached skill level 5 in Dodging
  5377 | D:7      | Found an iron altar of Okawaru.
  5377 | D:7      | Found an ancient bone altar of Kikubaaqudgha.
  5570 | D:7      | Reached skill level 9 in Axes
  5603 | D:7      | Reached **** piety under Trog
  5670 | D:7      | Reached XP level 9. HP: 70/79 MP: 9/9
  6136 | D:8      | Found Duddet's Antique Weapon Boutique.
  6181 | D:8      | Reached skill level 10 in Axes
  6233 | D:8      | Noticed a polar bear
  6249 | D:8      | HP: 2/121 [polar bear (10)]
  6250 | D:8      | Received a gift from Trog
  6250 | D:8      | Slain by a polar bear

Skill      XL: |  1  2  3  4  5  6  7  8  9 |
---------------+----------------------------+-----
Dodging        | 3 4 5 6 |  6.5
Fighting       | 4 5 7 |  7.8
Axes           | 4 5 6 7 9 10 | 10.0

Action                   |  1- 3 |  4- 6 |  7- 9 || total
-------------------------+-------+-------+-------++-------
Melee: Hand axe          |   106 |   150 |   293 ||   549
       Tailslap          |    13 |    25 |    37 ||    75
Invok: Berserk           |     1 |     3 |     4 ||     8
       Trog's Hand       |       |       |     3 ||     3
 Abil: Evoke Flight      |       |     1 |       ||     1
  Use: Scroll            |     3 |     5 |     6 ||    14
       Potion            |       |       |     3 ||     3
 Stab: Sleeping          |     1 |       |       ||     1
  Eat: Chunk             |     3 |    10 |     7 ||    20
       Ration            |       |     1 |     1 ||     2
Armor: Skin              |    26 |    26 |   121 ||   173
Dodge: Dodged            |    70 |    91 |   200 ||   361
